 Dungeon Crawl Stone Soup version 0.29.1-2-gbd0b4ee654 (webtiles) character file.

Game seed: 1585775308929920097

66510 Goreval the Bewitcher (level 14, -15/72 HPs)
             Began as a Vampire Enchanter on Nov 16, 2022.
             Was a Priest of Uskayaw.
             Shot with an arrow by a centaur warrior (19 damage)
             ... on level 14 of the Dungeon.
             The game lasted 01:40:17 (21664 turns).

Goreval the Bewitcher (Vampire Enchanter)          Turns: 21664, Time: 01:40:18

Health: -15/72     AC:  0    Str:  5 (7)  XL:     14   Next: 79%
Magic:  6/27       EV: 23    Int: 20 (22) God:    Uskayaw [***...]
Gold:   607        SH:  0    Dex: 18 (20) Spells: 8/31 levels left

rFire   . . .      SeeInvis +   (weapon currently unavailable)
rCold   + + .      Faith    +   (shield currently unavailable)
rNeg    + + +      Spirit   .   (body armour currently unavailable)
rPois   ∞          Reflect  .   (helmet currently unavailable)
rElec   .          Harm     .   (cloak currently unavailable)
rCorr   .          Rampage  .   (gloves currently unavailable)
Will    +....                   (boots currently unavailable)
Stlth   ++++++++..              E - amulet of faith
HPRegen 0.00/turn               (ring currently unavailable)
MPRegen 0.20/turn               (ring currently unavailable)

@: bat-form, flying, bloodless, inhibited regen, studying 2 skills, very quick
A: fast, flying, no casting, tiny, bloodless, fangs 3, see invisible, vampiric 2
a: Revivify, End Transformation, Renounce Religion, Stomp, Line Pass


You were on level 14 of the Dungeon.
You worshipped Uskayaw.
Uskayaw was pleased with you.
You were a vampire bat.
You visited 3 branches of the dungeon, and saw 20 of its levels.
You also visited: Ossuary.

You collected 3721 gold pieces.
You spent 3114 gold pieces at shops.

Inventory:

Hand Weapons
 e - a +2 dagger of venom (melded)
 k - a +2 dagger of freezing
 U - a +2 dagger of protection
Missiles
 t - 58 poisoned darts
Armour
 s - a +2 cloak of willpower (melded)
 y - a +0 helmet (melded)
 N - a +2 pair of boots (melded)
 S - the +0 pair of gloves of Gavuaj (melded) {Rampage Str+4 Int+2}
   (You bought it in a shop on level 8 of the Dungeon)

   Str:       It affects your strength (+4).
   Int:       It affects your intelligence (+2).
   Rampage:   It bestows one free step when moving towards enemies.
 T - the +1 ring mail of the Insatiable Planets {Int+2}
   (You found it on level 5 of the Lair of Beasts)

   Int:       It affects your intelligence (+2).
 W - +0 acid dragon scales (melded)
Magical Staves
 i - a staff of air
Jewellery
 d - the amulet of the Moon {Will+ Regen+ Str+2}
   (You found it on level 12 of the Dungeon)

   [amulet of regeneration]

   Str:       It affects your strength (+2).
   Regen:     It increases your rate of health regeneration.
   Will:      It increases your willpower.
 n - a +6 ring of intelligence (melded)
 E - an amulet of faith (around neck)
 M - a +4 ring of protection (melded)
Wands
 b - a wand of charming (5)
 r - a wand of polymorph (9)
 D - a wand of iceblast (22)
 H - a wand of acid (12)
 Q - a wand of digging (1)
 R - a wand of mindburst (10)
Scrolls
 a - a scroll of fear
 j - 2 scrolls of blinking
 o - a scroll of brand weapon {unknown}
 v - 2 scrolls of butterflies
 w - 5 scrolls of teleportation
 x - 4 scrolls of magic mapping
 A - 5 scrolls of noise
 B - a scroll of torment
 F - 2 scrolls of poison
 G - 2 scrolls of enchant armour
 I - 2 scrolls of immolation
 K - a scroll of vulnerability
 L - 4 scrolls of identify
 O - 4 scrolls of enchant weapon
 Z - a scroll of summoning
Potions
 c - 5 potions of invisibility
 f - a potion of heal wounds
 g - 4 potions of haste
 h - 5 potions of brilliance
 l - 5 potions of might
 m - 2 potions of magic
 p - a potion of cancellation
 q - 4 potions of lignification
 u - 17 potions of curing
 z - 4 potions of mutation
 C - 5 potions of flight
 J - 3 potions of berserk rage
 P - a potion of resistance
 X - a potion of ambrosia
 Y - 3 potions of attraction
Miscellaneous
 V - a phial of floods


   Skills:
 + Level 2.8 Fighting
 - Level 14.2 Short Blades
 - Level 6.0 Dodging
 + Level 15.5 Stealth
 + Level 9.3 Spellcasting
 * Level 18.1 Hexes
 - Level 2.0 Summonings
 * Level 12.1 Invocations
 - Level 9.0 Evocations


You had 8 spell levels left.
You knew the following spells:

 Your Spells              Type           Power      Damage    Failure   Level
a - Ensorcelled Hibernat  Hex/Ice        90%        N/A       1%          2
b - Confusing Touch       Hex            70%        N/A       0%          3
c - Tukima's Dance        Hex            70%        N/A       0%          3
d - Dazzling Flash        Conj/Hex       90%        N/A       1%          3
e - Summon Small Mammal   Summ           68%        N/A       3%          1
f - Apportation           Tloc           18%        N/A       8%          1
g - Mephitic Cloud        Conj/Pois/Air  9%         N/A       22%         3
h - Silence               Hex/Air        22%        N/A       4%          5
z - Call Imp              Summ           17%        N/A       4%          2

Your spell library contained the following spells:

 Spells                   Type           Power      Damage    Failure   Level
 Inner Flame              Hex/Fire       45%        N/A       1%          3
 Leda's Liquefaction      Hex/Erth       22%        N/A       1%          4
 Beastly Appendage        Tmut           18%        N/A       8%          1
 Foxfire                  Conj/Fire      36%        2x1d5     8%          1
 Magic Dart               Conj           36%        1d4       8%          1
 Necrotise                Necr           36%        1d5       8%          1
 Wereblood                Tmut           9%         N/A       11%         2
 Conjure Flame            Conj/Fire      9%         6-21      22%         3
 Spider Form              Tmut/Pois      9%         N/A       22%         3
 Discord                  Hex            35%        N/A       28%         8
 Flame Wave               Conj/Fire      9%         2d6       58%         4
 Agony                    Necr           9%         N/A       90%         5
 Alistair's Intoxication  Tmut/Pois      6%         N/A       90%         5
 Fireball                 Conj/Fire      4%         3d4       90%         5
 Iskenderun's Battlesphe  Conj           9%         2d6       90%         5
 Lee's Rapid Deconstruct  Erth           4%         3d6*      90%         5
 Conjure Ball Lightning   Conj/Air       4%         3x3d6     100%        6
 Statue Form              Tmut/Erth      6%         N/A       100%        6
 Orb of Destruction       Conj           4%         9d5       100%        7
 Disjunction              Tloc           4%         N/A       100%        8


Dungeon Overview and Level Annotations

Branches:
Dungeon (14/15)            Temple (1/1) D:4            Lair (5/5) D:10
 Shoals (0/4) Lair:2       Spider (0/4) Lair:3          Orc (0/2) D:11
Ossuary (visited)
  Slime: Lair:4-5    Vaults: D:13-14

Altars:
Cheibriados
Fedhas
Gozag
Hepliaklqana
Kikubaaqudgha
Makhleb
Nemelex Xobeh
Okawaru
Qazlal
Ru
Trog
Uskayaw
Vehumet
Wu Jian
Xom
Yredelemnul
Jiyva

Shops:
D:3 =   D:7 ==[(   D:8 *


Innate Abilities, Weirdness & Mutations

You are a vampire bat.
You are tiny and dextrous.
You move quickly.
You are flying.
You are immune to poison.
Your equipment is almost entirely melded.
You are incapable of wielding weapons or throwing items.
You cannot cast spells.
You do not regenerate when monsters are visible.
You are frail without blood (-20% HP).
You can heal yourself when you bite living creatures.
You are immune to poison.
You have razor-sharp teeth.
You have supernaturally acute eyesight. (SInv)
You are afflicted with vampirism and can become a bat while bloodless.


Message History

The manticore is dazzled.
The eight-headed hydra roars!
The centaur warrior unwields a +0 shortbow.
The centaur warrior wields a +0 trident.
The centaur warrior hits you with a +0 trident!
The centaur warrior kicks you but does no damage.
The centaur warrior hits you with a +0 trident!
The centaur warrior kicks you but does no damage.
The manticore bites you.
The manticore claws you but does no damage.
The manticore claws you!
* * * LOW HITPOINT WARNING * * *
Okay, then.
Okay, then.
You turn into a vampire bat.
Your +2 dagger of venom melds into your body.
Your +2 cloak of willpower melds into your body.
Your +0 helmet melds into your body.
The +0 pair of gloves of Gavuaj {Rampage Str+4 Int+2} melds into your body.
Your +2 pair of boots melds into your body.
Your +0 acid dragon scales melds into your body.
Your +6 ring of intelligence melds into your body.
Your +4 ring of protection melds into your body.
Your +2 dagger of venom stops dripping with poison.
You feel less strong-willed.
You feel stupid.
You feel weakened.
You feel dopey.
You feel clumsy.
The centaur warrior hits you with a +0 trident!
* * * LOW HITPOINT WARNING * * *
The centaur warrior kicks you.
* * * LOW HITPOINT WARNING * * *
The manticore misses you. The manticore completely misses you.
The manticore claws you.
* * * LOW HITPOINT WARNING * * *
The centaur warrior unwields a +0 trident.
The centaur warrior wields a +0 shortbow.
The centaur warrior shoots an arrow.
The arrow hits you!!
You die...

#####.####.....###. #.#
##...###..# #.##...###...D#
#....###. ....# #..###...
...# .#=###D
#........###..# ....[##
#..###.....#c.# .#c###.
#....###....H.# .###. ####
#......###...b# .#.. ###..
####))...###..###..####.#†#
##.###...###.)#.###)#.#.#
.. #..#
#.....##..##.#.#.#.##.#
#)##
#......###)†...)).†.#.#
##.##
##.###...###.#†#.#.##.#.
##.).## #.#
###...###.#.#.##.#.
..##.....##..#
###...###.#)##...
#.....♣...+..#
###...###.)#.#


You could see an eight-headed hydra, a centaur warrior (reflecting) and a
manticore (blind).

Vanquished Creatures
  Nessos (Lair:5)
  2 boulder beetles
  The ghost of ymhsbmbesitwf the Fighter, a novice MiMo of Wu Jian (D:9)
  The ghost of decrepitue the Fighter, a journeyman OpFE of Gozag (D:11)
  6 hydras
  2 two-headed ogres
  4 centaur warriors
  3 death yaks (Lair:5)
  Urug (Lair:2)
  6 skeletal warriors
  3 deep elf pyromancers
  Pikel (D:9)
  2 ugly things
  2 wolf spiders (Lair:5)
  An oklob plant (Lair:3)
  6 cyclopes
  3 manticores
  Joseph (D:7)
  20 elephants
  8 black mambas
  A guardian serpent (Lair:5)
  A cane toad (shapeshifter) (D:14)
  A torpor snail (Lair:4)
  14 cane toads
  2 gargoyles
  3 unseen horror zombies (D:9)
  An unseen horror (shapeshifter) (D:14)
  A yaktaur (D:14)
  A rime drake (Lair:4)
  9 komodo dragons
  A meliai (Lair:3)
  3 trolls
  2 polar bears
  2 dream sheep (Lair:4)
  A wind drake (shapeshifter) (D:13)
  3 hornets
  16 blink frogs
  10 slime creatures
  A snapping turtle (Lair:2)
  3 shadows
  13 wyverns
  Sigmund (D:4)
  3 basilisks
  2 water elementals (D:14)
  Grum (D:9)
  2 wraiths
  2 redbacks (Lair:5)
  A basilisk (shapeshifter) (D:14)
  A steam dragon (D:7)
  29 yaks
  2 vampire mosquitoes (D:12)
  A warg (D:11)
  16 water moccasins
  3 acid dragons
  3 sky beasts (D:7)
  2 orc warriors
  17 wolves
  2 centaurs
  A phantom (D:6)
  4 kobold brigands
  An elf zombie (Ossuary)
  8 bullfrogs
  A gnoll sergeant (D:9)
  A necrophage (D:7)
  A wyvern zombie (D:9)
  2 scorpions
  4 wights (D:9)
  23 killer bees
  8 electric eels
  4 howler monkeys
  3 centaur zombies (D:9)
  6 orc priests
  A gnoll bouda (D:8)
  3 hounds
  7 jellies
  Crazy Yiuf (D:2)
  Natasha (thrice) (D:4)
  3 iguanas
  12 orc wizards
  A boggart simulacrum (D:14)
  4 mummies (Ossuary)
  Robin (D:4)
  2 howler monkey zombies (D:9)
  16 gnolls
  4 adders
  2 ufetubi
  2 adder zombies (Ossuary)
  A worm (D:3)
  A dart slug (D:3)
  30 orcs
  5 bats
  7 endoplasms
  3 giant cockroaches
  8 hobgoblins
  4 quokkas
  15 ball pythons
  18 goblins
  2 goblin zombies (Ossuary)
  A hobgoblin zombie (Ossuary)
  3 jackal zombies (Ossuary)
  29 kobolds
  2 kobold zombies (Ossuary)
  An orc zombie (Ossuary)
  2 rats (D:1)
512 creatures vanquished.

Vanquished Creatures (collateral kills)
  2 yaks (Lair:5)
  A wyvern (Lair:5)
  A gnoll sergeant (D:8)
  A wight (D:9)
5 creatures vanquished.

Vanquished Creatures (others)
  31 fungi
  70 plants
101 creatures vanquished.

Grand Total: 618 creatures vanquished

Notes
Turn   | Place    | Note
-------+----------+-------------------------------------------
     0 | D:1      | Goreval the Vampire Enchanter began the quest for the Orb.
     0 | D:1      | Reached XP level 1. HP: 13/13 MP: 3/3
   204 | D:1      | Reached XP level 2. HP: 19/19 MP: 5/5
   207 | D:1      | Learned a level 2 spell: Ensorcelled Hibernation
   443 | D:1      | Found a faded altar of an unknown god.
   613 | D:1      | Reached skill level 5 in Hexes
  1022 | D:2      | Gained mutation: You are afflicted with vampirism and can
                  | become a bat while bloodless. [Vampire growth]
  1022 | D:2      | Reached XP level 3. HP: 19/19 MP: 6/6
  1206 | D:2      | Found a stormy altar of Qazlal.
  1304 | D:2      | Learned a level 3 spell: Confusing Touch
  1584 | D:2      | Found a runed translucent door.
  1585 | D:2      | Noticed Crazy Yiuf
  1592 | D:2      | Killed Crazy Yiuf
  1702 | D:2      | Reached skill level 5 in Stealth
  1702 | D:2      | Reached XP level 4. HP: 24/24 MP: 7/7
  2323 | D:3      | Found Etutz's Jewellery Shoppe.
  2438 | D:3      | Learned a level 3 spell: Tukima's Dance
  2723 | D:4      | Noticed a scorpion
  2739 | D:4      | Noticed Natasha
  2787 | D:4      | Noticed Robin
  3034 | D:4      | Found a staircase to the Ecumenical Temple.
  3040 | Temple   | Entered the Ecumenical Temple
  3068 | Temple   | Became a worshipper of Uskayaw the Reveller
  3096 | D:4      | Reached * piety under Uskayaw
  3143 | D:4      | Found a sand-covered staircase.
  3152 | Ossuary  | Entered an ossuary
  3198 | Ossuary  | Reached ** piety under Uskayaw
  3203 | Ossuary  | Reached *** piety under Uskayaw
  3205 | Ossuary  | Reached skill level 6 in Hexes
  3205 | Ossuary  | Reached XP level 5. HP: 19/28 MP: 1/9
  3214 | Ossuary  | Reached **** piety under Uskayaw
  4038 | D:4      | Reached XP level 6. HP: 32/32 MP: 10/10
  4121 | D:4      | Killed Robin
  4124 | D:4      | Reached skill level 7 in Hexes
  4147 | D:4      | Killed Natasha
  4271 | D:4      | Noticed Sigmund
  4306 | D:4      | Noticed Natasha
  4311 | D:4      | Killed Natasha
  4350 | D:4      | Noticed Natasha
  4355 | D:4      | Killed Natasha
  4677 | D:5      | Entered Level 5 of the Dungeon
  4966 | D:5      | Reached XP level 7. HP: 36/36 MP: 11/11
  4976 | D:5      | Learned a level 3 spell: Dazzling Flash
  4978 | D:5      | Learned a level 1 spell: Summon Small Mammal
  5145 | D:5      | Found an iron altar of Okawaru.
  5146 | D:5      | Found a radiant altar of Vehumet.
  5281 | D:4      | Killed Sigmund
  5282 | D:4      | Reached skill level 5 in Short Blades
  5282 | D:4      | Reached skill level 8 in Hexes
  5500 | D:6      | Identified the +1 robe of Ymaom {Regen+}
  5587 | D:6      | Found Qinuul's Vocational Training.
  6329 | D:6      | Reached skill level 9 in Hexes
  6329 | D:6      | Reached XP level 8. HP: 41/41 MP: 13/13
  6377 | D:7      | Noticed Joseph
  6382 | D:7      | Killed Joseph
  6393 | D:7      | Learned a level 2 spell: Call Imp
  6395 | D:7      | Learned a level 1 spell: Apportation
  6419 | D:7      | Found Xolagg's Armour Boutique.
  6428 | D:7      | Bought a +1 pair of boots for 161 gold pieces
  6437 | D:7      | Found Cicva's Jewellery Boutique.
  6455 | D:7      | Reached skill level 10 in Hexes
  6534 | D:7      | Found Cein's Antique Weapon Shop.
  6614 | D:7      | Reached skill level 1 in Summonings
  6726 | D:7      | Reached XP level 9. HP: 42/45 MP: 8/15
  6787 | D:7      | Found Uzour's Jewellery Boutique.
  7376 | D:8      | Identified the +7 trident of Noon {flame, rN+ Will+}
  7517 | D:8      | Found an ancient bone altar of Kikubaaqudgha.
  7641 | D:8      | Found Menefuo's General Store.
  7696 | D:8      | Bought the +0 pair of gloves of Gavuaj {Rampage Str+4
                  | Int+2} for 313 gold pieces
  7768 | D:8      | Found a sacrificial altar of Ru.
  7780 | D:8      | Reached skill level 11 in Hexes
  8416 | D:8      | Found a sparkling altar of Nemelex Xobeh.
  8422 | D:8      | Reached skill level 5 in Spellcasting
  8617 | D:9      | Reached skill level 1 in Invocations
  8726 | D:9      | Identified the +5 sling of Kigg {freeze, Str+4}
  8870 | D:9      | Noticed a boulder beetle
  8886 | D:9      | Killed a boulder beetle
  8992 | D:9      | Found a shimmering altar of Xom.
  9132 | D:9      | Reached skill level 12 in Hexes
  9132 | D:9      | Reached XP level 10. HP: 41/50 MP: 13/18
  9473 | D:10     | Entered Level 10 of the Dungeon
  9601 | D:9      | Reached skill level 10 in Stealth
 10038 | D:9      | Noticed Grum
 10046 | D:9      | Killed Grum
 10052 | D:9      | Reached skill level 13 in Hexes
 10111 | D:9      | Noticed Pikel
 10119 | D:9      | Killed Pikel
 10120 | D:9      | Reached skill level 10 in Short Blades
 10234 | D:9      | Found an ornate altar of the Wu Jian Council.
 10244 | D:9      | Found a runed translucent gate.
 10244 | D:9      | Found a runed translucent gate.
 10244 | D:9      | Found a runed translucent gate.
 10246 | D:9      | Found a viscous altar of Jiyva.
 10246 | D:9      | Noticed ymhsbmbesitwf's ghost (novice MiMo)
 10376 | D:9      | Killed ymhsbmbesitwf's ghost
 10377 | D:9      | Reached XP level 11. HP: 10/54 MP: 16/20
 10743 | D:10     | Noticed a two-headed ogre
 10743 | D:10     | Found a staircase to the Lair.
 10774 | D:10     | Killed a two-headed ogre
 10775 | D:10     | Reached skill level 14 in Hexes
 10929 | D:10     | Found an opulent altar of Gozag.
 11178 | D:10     | Found a snail-covered altar of Cheibriados.
 11339 | D:11     | Noticed decrepitue's ghost (journeyman OpFE)
 11350 | D:11     | Found a runed translucent door.
 11478 | D:11     | Noticed a green ugly thing
 11489 | D:11     | Killed a green ugly thing
 11636 | D:11     | Noticed a deep elf pyromancer
 11644 | D:11     | Killed a deep elf pyromancer
 11645 | D:11     | Reached skill level 15 in Hexes
 11665 | D:11     | Found a staircase to the Orcish Mines.
 11990 | D:11     | Learned a level 3 spell: Mephitic Cloud
 12242 | D:12     | Noticed a deep elf pyromancer
 12246 | D:12     | Killed a deep elf pyromancer
 12401 | D:12     | Reached skill level 1 in Evocations
 12473 | D:12     | Noticed an eight-headed hydra
 12770 | Lair:1   | Entered Level 1 of the Lair of Beasts
 12792 | Lair:1   | Reached XP level 12. HP: 59/59 MP: 22/22
 12847 | Lair:1   | Identified 2 scrolls of acquirement
 12985 | Lair:1   | Reached skill level 5 in Dodging
 13355 | Lair:1   | Reached skill level 5 in Invocations
 13700 | Lair:1   | Reached ***** piety under Uskayaw
 14214 | Lair:2   | Acquired 1168 gold pieces
 14220 | Lair:2   | Acquired 935 gold pieces
 14302 | D:6      | Bought a manual of Invocations for 1120 gold pieces
 14308 | D:6      | Bought a manual of Evocations for 1120 gold pieces
 14477 | Lair:2   | Noticed Urug
 14495 | Lair:2   | Killed Urug
 14608 | Lair:2   | Found a staircase to the Shoals.
 14718 | Lair:3   | Noticed a four-headed hydra
 14753 | Lair:3   | Found a hole to the Spider Nest.
 14982 | Lair:3   | Reached skill level 16 in Hexes
 14991 | Lair:3   | Killed a four-headed hydra
 15371 | Lair:3   | Noticed a seven-headed hydra
 15377 | Lair:3   | Killed a seven-headed hydra
 15378 | Lair:3   | Reached XP level 13. HP: 63/63 MP: 24/24
 16168 | D:3      | Bought an amulet of faith for 400 gold pieces
 16526 | Lair:3   | Reached skill level 5 in Evocations
 16764 | Lair:4   | Reached ****** piety under Uskayaw
 17055 | Lair:4   | You fall into a shaft and drop 1 floor!
 17055 | Lair:5   | Entered Level 5 of the Lair of Beasts
 17990 | Lair:5   | Reached XP level 14. HP: 68/68 MP: 13/26
 18088 | Lair:5   | Noticed Nessos
 18105 | Lair:5   | Reached skill level 10 in Invocations
 18117 | Lair:5   | Killed Nessos
 18204 | Lair:5   | Reached skill level 17 in Hexes
 18450 | Lair:5   | Identified the +1 ring mail of the Insatiable Planets
                  | {Int+2}
 18680 | Lair:5   | Learned a level 5 spell: Silence
 19123 | D:11     | Killed decrepitue's ghost
 20222 | D:12     | Reached skill level 1 in Fighting
 20231 | D:12     | Identified the +5 spear of the Destroying Gods {vamp, rF+
                  | rC- Will++}
 20295 | D:12     | Identified the amulet of the Moon {Will+ Regen+ Str+2}
 20350 | D:13     | Reached skill level 15 in Stealth
 21544 | D:14     | Reached skill level 18 in Hexes
 21664 | D:14     | Shot with an arrow by a centaur warrior

Illustrated notes

Levels and vault maps discovered:
D:1:      dpeg_arrival_ternary, layout_loops_ring,
          chequers_ecumenical_altar_simple_redux
D:2:      layout_loops_ring, basic_altar, minmay_cupped, uniq_crazy_yiuf_cottage
D:3:      layout_basic, serial_shops, nicolae_shop_stone
D:4:      layout_cave_pools, minmay_temple_entry_nine_rooms,
          nicolae_ossuary_entry_monument, uniq_robin, uniq_natasha, uniq_sigmund
D:5:      layout_rooms, mainiacjoe_overflow_divided_tiny
D:6:      layout_basic, nicolae_shop_vocational
D:7:      layout_loops_cross, serial_shops, shop,
          nicolae_shop_temple_entry_statues_fountains, nicolae_take_the_stairs,
          nicolae_shop_statue_plus, grunt_ministairs_10, uniq_joseph
D:8:      layout_gridville, nicolae_kikubaaqudgha_miasma_corner,
          amcnicky_altar_gilded, mainiacjoe_overflow_paths, serial_shops,
          nicolae_shop_window_shopping
D:9:      layout_loops_corners, kennysheep_mini_moat, lemuel_crystal_altar,
          gammafunk_ghost_ooze, serial_undead, serial_undead_d, serial_undead_e,
          serial_undead_a, serial_undead_d, serial_bayou_pond_a, uniq_grum,
          uniq_pikel
D:10:     layout_loops_ring, general_overflow_altar, lemuel_doored_altar
D:11:     layout_roguey, erik_orc_4, hellmonk_ghost_happy_afterlife
D:12:     layout_loops_corners
D:13:     layout_loops_ring, serial_park_tiny_pond
D:14:     minmay_the_grid_triangle_9x9_recursive_2
          [minmay_the_grid_triangle_9x9_prize_top_heavy,
          minmay_the_grid_triangle_9x9_sparse_checkered,
          minmay_the_grid_triangle_9x9_skeleton,
          minmay_the_grid_triangle_9x9_pentomino_pain], layout_loops_ring,
          erik_vaults_2, kennysheep_boxes, hangedman_decor_clover_reticule,
          grunt_ministairs_15, uniq_louise
Temple:   hellmonk_temple_forest_ring
Lair:1:   layout_roguey, st_stairs_13, infiniplex_staircase_pool,
          lemuel_fruit_fields, serial_bayou_shore_b
Lair:2:   layout_long_grid, minmay_shoals_entry_hut, grunt_megastairs_3,
          infiniplex_staircase_pool_2, uniq_urug
Lair:3:   layout_loops_ring, hellmonk_spider_entry_not_the_bees,
          lemuel_fruit_fields
Lair:4:   layout_big_grid, dpeg_slime_entry_enclosed, roderic_batcave,
          grunt_megastairs_5
Lair:5:   hangedman_lair_tendril_chambers, layout_gridlike, uniq_nessos

Skill      XL: |  1  2  3  4  5  6  7  8  9 10 11 12 13 14 |
---------------+-------------------------------------------+-----
Hexes          | 5 6 7 9 10 12 13 15 16 18 | 18.1
Short Blades   | 2 3 4 5 7 8 10 11 12 13 14 | 14.2
Stealth        | 5 6 7 8 9 11 12 13 14 15 | 15.5
Spellcasting   | 3 4 5 6 7 8 9 |  9.3
Summonings     | 1 2 |  2.0
Dodging        | 4 6 |  6.0
Invocations    | 2 4 7 9 12 | 12.1
Evocations     | 1 4 8 9 |  9.0
Fighting       | 2 |  2.8

Action                   |  1- 3 |  4- 6 |  7- 9 | 10-12 | 13-15 || total
-------------------------+-------+-------+-------+-------+-------++-------
Melee: Dagger            |    50 |   150 |   170 |   358 |   464 ||  1192
       Bite              |     6 |     8 |    20 |    33 |    68 ||   135
       Punch             |       |       |     1 |     7 |     2 ||    10
Throw: Dart              |       |     1 |     9 |       |       ||    10
 Cast: Ensorcelled Hiber |    10 |    27 |    55 |    71 |    88 ||   251
       Confusing Touch   |       |     8 |    11 |    16 |    25 ||    60
       Tukima's Dance    |       |       |     2 |       |       ||     2
       Call Imp          |       |       |     1 |     4 |     3 ||     8
       Dazzling Flash    |       |       |       |    13 |    18 ||    31
Invok: Line Pass         |       |     1 |     3 |     5 |     2 ||    11
 Abil: Exsanguinate      |     1 |       |       |       |       ||     1
       Bat Form          |       |     1 |       |     1 |     1 ||     3
       End Transformatio |       |     1 |       |     1 |       ||     2
  Use: Scroll            |       |       |       |    24 |     7 ||    31
       Potion            |       |       |       |     1 |       ||     1
 Stab: Sleeping          |    24 |    37 |    54 |    86 |    69 ||   270
       Confused          |       |     7 |     9 |    23 |    28 ||    67
       Paralysed         |       |     1 |     3 |    20 |    37 ||    61
       Invisible         |       |       |       |    15 |    14 ||    29
       Distracted        |       |       |       |     3 |     1 ||     4
Armor: Robe              |     2 |    47 |     2 |       |       ||    51
       Steam dragon scal |       |       |    23 |    43 |       ||    66
       Acid dragon scale |       |       |       |    45 |   129 ||   174
Dodge: Dodged            |    16 |    75 |    61 |   155 |   184 ||   491
